 Dungeon Crawl Stone Soup version 0.18-b1-10-g3f7de93 (webtiles) character file.

333 Alarkh the Magician (level 6, -2/41 HPs)
             Began as a Mummy Wizard on Apr 29, 2016.
             Slain by a gnoll
             ... wielding a +0 spear
              (7 damage)
             ... on level 4 of the Dungeon.
             The game lasted 00:07:51 (4958 turns).

Alarkh the Magician (Mummy Wizard)                  Turns: 4958, Time: 00:07:52

Health: -2/41      AC:  5    Str: 11    XL:     6   Next: 27%
Magic:  1/12       EV: 12    Int: 19    God:
Gold:   211        SH:  0    Dex: 10    Spells: 5 memorised, 1 level left

rFire  x . .     SeeInvis .     q - +2 short sword (vamp)
rCold  + . .     Gourm    .     a - +0 robe
rNeg   + + +     Faith    .     (no shield)
rPois  ∞         Spirit   .     e - +0 helmet
rElec  .         Dismiss  .     o - +0 cloak
rCorr  .         Reflect  .     f - +0 pair of gloves
SustAt +         Harm     .     (no boots)
MR     .....                    (no amulet)
Stlth  ++........               (no ring)
                                d - ring of sustain attributes

@: very slightly contaminated, not resistant to hostile enchantments, unstealthy
A: no food or potions, fire vulnerability, cold resistance 1, negative energy
resistance 3, torment resistance, unbreathing
a: no special abilities


You were on level 4 of the Dungeon.
You were not hungry.

You visited 1 branch of the dungeon, and saw 5 of its levels.

You collected 211 gold pieces.

Inventory:

Hand Weapons
 g - a +0 whip
 k - a -1 spear
 q - a +2 vampiric short sword (weapon)
 r - a +0 quarterstaff
Armour
 a - a +0 robe (worn)
 b - a +0 hat
 e - a +0 helmet (worn)
 f - a +0 pair of gloves (worn)
 o - a +0 cloak (worn)
Jewellery
 d - a ring of sustain attributes (left hand)
Wands
 l - a wand of slowing (27/48)
Scrolls
 h - a scroll of amnesia
 i - a scroll of magic mapping
 j - a scroll of fog {unknown}
 m - a scroll of remove curse
 n - a scroll of enchant weapon {unknown}
 p - a scroll of fear {unknown}
Books
 c - a book of Minor Magic

   Spells                             Type                      Level
   a - Magic Dart                     Conjuration                  1
   b - Blink                          Translocation                2
   c - Call Imp                       Summoning                    2
   d - Repel Missiles                 Charms/Air                   2
   e - Slow                           Hexes                        2
   f - Conjure Flame                  Conjuration/Fire             3
   g - Mephitic Cloud                 Conjuration/Poison/Air       3
 s - a book of Conjurations

   Spells                             Type                      Level
   a - Magic Dart                     Conjuration                  1
   b - Searing Ray                    Conjuration                  2
   c - Dazzling Spray                 Conjuration/Hexes            3
   d - Fulminant Prism                Conjuration/Hexes            4
   e - Iskenderun's Mystic Blast      Conjuration                  4
   f - Iskenderun's Battlesphere      Conjuration/Charms           5


   Skills:
 - Level 1.5 Dodging
 - Level 1.5 Stealth
 + Level 4.4 Spellcasting
 * Level 4.3 Conjurations
   Level 0.7 Summonings
 - Level 0.7 Translocations


You had one spell level left.
You knew the following spells:

 Your Spells              Type           Power        Failure   Level  Hunger
a - Magic Dart            Conj           ###.         2%          1    N/A
b - Blink                 Tloc           N/A          17%         2    N/A
c - Mephitic Cloud        Conj/Pois/Air  #.......     21%         3    N/A
d - Repel Missiles        Chrm/Air       #.....       21%         2    N/A
e - Iskenderun's Mystic   Conj           ###.....     28%         4    N/A

Dungeon Overview and Level Annotations

Branches:
Dungeon (5/15)
 Temple: D:4-7

Altars:

Annotations:
D:4 Edmund; Melicamp's ghost, amateur OgMo
D:5 Blork the orc


Innate Abilities, Weirdness & Mutations

You do not eat or drink.
Your flesh is vulnerable to fire.
You are immune to poison.
Your flesh is cold resistant.
You are immune to negative energy.
You are immune to unholy pain and torment.
You can survive without breathing.


Message History

The kobold is severely wounded.
The gnoll is engulfed in noxious fumes.
The gnoll appears confused.
The gnoll misses the kobold.
The kobold misses you.
The gnoll hits you from afar with a spear.
The kobold is engulfed in noxious fumes.
The kobold appears confused.
You kill the kobold!
A big kobold comes into view. It is wielding a whip.
You hit the gnoll.
The gnoll is heavily wounded.
The gnoll misses you. The kobold barely misses you.
The gnoll hits you with a flail!
* * * LOW HITPOINT WARNING * * *
The kobold throws a stone.
The stone barely misses you.
The big kobold moves out of view.
A gnoll comes into view. It is wielding a club.
You hit the gnoll but do no damage.
The gnoll is heavily wounded.
The gnoll hits you from afar with a spear!
You die...

## ######## ...
##...g)@# ....
##....KgK# .....
#....K.gK##+#
......#...(...gK..#
......'...(....g..#
....gg#......[....#
....K #...K....##'#
..g. ##.......# K$#
... ##......# $#


You could see 2 big kobolds, 4 gnolls, a hobgoblin and 4 kobolds.

Vanquished Creatures
  A jelly (D:5)
  An orc priest (D:3)
  Natasha (thrice) (D:2)
  An orc wizard (D:3)
  A hound skeleton (D:1)
  8 adders
  An ooze (D:1)
  3 worms
  A dart slug (D:2)
  2 giant geckos
  2 orcs (D:3)
  A ball python (D:1)
  6 giant cockroaches
  4 goblins
  7 hobgoblins
  4 jackals
  10 kobolds
  3 quokkas
  9 bats
  4 giant newts
  A quokka zombie (D:3)
  7 rats
80 creatures vanquished.

Notes
Turn   | Place    | Note
--------------------------------------------------------------
     0 | D:1      | Alarkh the Mummy Wizard began the quest for the Orb.
     0 | D:1      | Reached XP level 1. HP: 13/13 MP: 4/4
    38 | D:1      | Reached skill level 1 in Conjurations
   376 | D:1      | Reached XP level 2. HP: 19/19 MP: 0/6
   917 | D:1      | Learned a level 2 spell: Blink
  1135 | D:2      | Noticed Natasha
  1556 | D:1      | Reached XP level 3. HP: 11/24 MP: 3/7
  1561 | D:1      | Learned a level 3 spell: Mephitic Cloud
  1564 | D:1      | Learned a level 2 spell: Repel Missiles
  1823 | D:2      | Killed Natasha
  1918 | D:2      | Noticed Natasha
  1931 | D:2      | Killed Natasha
  1931 | D:2      | Reached XP level 4. HP: 12/30 MP: 0/9
  2617 | D:1      | Reached XP level 5. HP: 24/35 MP: 1/10
  2707 | D:2      | Noticed Natasha
  2714 | D:2      | Killed Natasha
  4149 | D:3      | Reached XP level 6. HP: 35/41 MP: 1/12
  4422 | D:3      | Learned a level 4 spell: Iskenderun's Mystic Blast
  4557 | D:4      | Noticed Melicamp's ghost (amateur OgMo)
  4604 | D:5      | Entered Level 5 of the Dungeon
  4711 | D:5      | Noticed Blork the orc
  4752 | D:4      | Noticed Edmund
  4958 | D:4      | Slain by a gnoll

Skill      XL: |  1  2  3  4  5 |
---------------+----------------+-----
Conjurations   | 1 2 3 4 |  4.3
Spellcasting   | 4 |  4.4
Dodging        | |  1.5
Stealth        | |  1.5
Summonings     | |  0.7
Translocations | |  0.7

Action                   |  1- 3 |  4- 6 || total
-------------------------+-------+-------++-------
Melee: Unarmed           |    13 |       ||    13
       Whip              |    42 |     4 ||    46
       Spear             |       |    41 ||    41
       Short sword       |       |     9 ||     9
 Cast: Magic Dart        |    93 |   180 ||   273
       Mephitic Cloud    |     2 |     8 ||    10
       Repel Missiles    |     1 |     1 ||     2
  Use: Scroll            |     2 |     4 ||     6
 Stab: Confused          |     1 |     2 ||     3
Armor: Robe              |    11 |    35 ||    46
Dodge: Dodged            |    65 |   104 ||   169
       Deflected         |       |     3 ||     3
